[ PARTIDA AOE2 · #482921113 ]
UnrankedTurcos vs Chinese
[ ANÁLISIS DE REPETICIÓN · EXTRAÍDO DE LA PARTIDA GRABADA ]
Feudal
—
Castillos
—
Imperial
—
| APM promedio | 32.6 |
| APM pico | 62 |
| eAPM promedio | 14.1 |
| Aldeanos / militares | 96 / 241 |
Foco
⚔️ 33.6% · 🌾 66.4%
Scout Cavalry ×121 · Hand Cannoneer ×109 · Trebuchet (Packed) ×7 · Janissary ×3 · Spearman ×1
Feudal
10:29
Castillos
17:44
Imperial
41:59
| APM promedio | 45.0 |
| APM pico | 116 |
| eAPM promedio | 24.4 |
| Aldeanos / militares | 76 / 172 |
Foco
⚔️ 51.2% · 🌾 48.8%
Unknown (2550) ×339 · Spearman ×161 · Trade Cart ×10 · Battering Ram ×6 · Trebuchet (Packed) ×4 · Mangonel ×1
Feudal
11:13
Castillos
17:57
Imperial
28:47
| APM promedio | 36.7 |
| APM pico | 69 |
| eAPM promedio | 19.0 |
| Aldeanos / militares | 113 / 154 |
Foco
⚔️ 32.0% · 🌾 68.0%
Fire Lancer ×85 · Scorpion ×32 · Chu Ko Nu ×32 · Monk ×2 · Trebuchet (Packed) ×2 · Iron Pagoda ×1
Feudal
11:01
Castillos
13:49
Imperial
38:09
| APM promedio | 28.2 |
| APM pico | 71 |
| eAPM promedio | 18.7 |
| Aldeanos / militares | 135 / 324 |
Foco
⚔️ 49.0% · 🌾 51.0%
Scout Cavalry ×166 · Knight ×67 · Militia ×64 · Battle Elephant ×13 · Ballista Elephant ×12 · Cavalry Archer ×2
Feudal
10:37
Castillos
15:03
Imperial
28:17
| APM promedio | 31.7 |
| APM pico | 89 |
| eAPM promedio | 18.2 |
| Aldeanos / militares | 115 / 214 |
Foco
⚔️ 46.6% · 🌾 53.4%
Skirmisher ×83 · Spearman ×68 · Hand Cannoneer ×29 · Monk ×21 · Bombard Cannon ×12 · Trade Cart ×10
Feudal
10:18
Castillos
15:28
Imperial
35:30
| APM promedio | 24.4 |
| APM pico | 51 |
| eAPM promedio | 16.3 |
| Aldeanos / militares | 154 / 152 |
Foco
⚔️ 33.1% · 🌾 66.9%
Mangudai ×79 · Scout Cavalry ×71 · Mangonel ×2
Mapa de la partida
Recursos iniciales + cada clic de construcción. Líneas = muros · curvas = relieve. ◆ oro · ⬟ piedra · ● bayas · ✦ reliquia · ◌ hueco del cierre
Tu base· ✓ Cerrada en 17:01 · 49t muro · 2 puerta(s)
Base de DrTyrant· ✓ Cerrada en 17:44 · 36t muro · sin puerta
Base de Sacchetti· ✓ Cerrada en 17:57 · 72t muro · sin puerta
Base de ing.alexander02· ✓ Cerrada en 13:49 · 2t muro · sin puerta
Base de Disvara· ✓ Cerrada en 15:03 · 0t muro · sin puerta
Base de lord evil· ✓ Cerrada en 15:28 · 0t muro · 1 puerta(s)
Terreno inicial suavizado · ◌ = hueco del cierre detectado · pasá el cursor para detalles
Inputs por minuto
— ColdNapalm707 - - DrTyrant
Build order — ColdNapalm707
Primeras 150 de 392 acciones detectadas
| 0:02 | Crear | Villager (Male) |
| 0:02 | Crear | Villager (Male) |
| 0:05 | Construir | House |
| 0:07 | Construir | House |
| 0:59 | Crear | Villager (Male) |
| 0:59 | Crear | Villager (Male) |
| 1:00 | Crear | Villager (Male) |
| 1:31 | Crear | Villager (Male) |
| 2:25 | Construir | Lumber Camp |
| 2:32 | Crear | Villager (Male) |
| 2:32 | Crear | Villager (Male) |
| 2:57 | Crear | Villager (Male) |
| 3:03 | Construir | House |
| 3:04 | Construir | House |
| 3:28 | Crear | Villager (Male) |
| 3:43 | Crear | Villager (Male) |
| 4:17 | Crear | Villager (Male) |
| 4:27 | Crear | Villager (Male) |
| 4:27 | Crear | Villager (Male) |
| 4:35 | Investigar | Loom |
| 4:54 | Crear | Villager (Male) |
| 6:07 | Crear | Villager (Male) |
| 6:31 | Crear | Villager (Male) |
| 7:13 | Construir | House |
| 7:23 | Crear | Villager (Male) |
| 7:24 | Crear | Villager (Male) |
| 8:00 | Construir | Mill |
| 8:03 | Crear | Villager (Male) |
| 8:03 | Crear | Villager (Male) |
| 8:19 | Construir | Palisade Wall |
| 9:03 | Construir | House |
| 9:06 | Construir | Palisade Wall |
| 9:13 | Crear | Villager (Male) |
| 9:14 | Crear | Villager (Male) |
| 9:14 | Crear | Villager (Male) |
| 9:20 | Investigar | Feudal Age |
| 9:53 | Construir | Palisade Wall |
| 10:06 | Construir | Barracks |
| 10:09 | Construir | Palisade Wall |
| 10:12 | Construir | Palisade Wall |
| 10:18 | Construir | Palisade Gate |
| 11:24 | Construir | House |
| 11:28 | Construir | Palisade Wall |
| 11:32 | Construir | Farm |
| 11:56 | Construir | House |
| 11:57 | Construir | House |
| 12:11 | Construir | Farm |
| 12:32 | Crear | Villager (Male) |
| 12:33 | Crear | Villager (Male) |
| 12:48 | Construir | Archery Range |
| 12:50 | Crear | Spearman |
| 13:00 | Construir | Blacksmith |
| 13:02 | Construir | House |
| 13:05 | Construir | Stone Wall |
| 13:14 | Crear | Villager (Male) |
| 13:15 | Crear | Villager (Male) |
| 13:23 | Construir | Farm |
| 13:25 | Construir | Farm |
| 13:48 | Construir | Stone Wall |
| 13:53 | Crear | Villager (Male) |
| 13:58 | Construir | Farm |
| 14:01 | Construir | Farm |
| 14:07 | Construir | House |
| 14:21 | Construir | Mining Camp |
| 14:38 | Crear | Villager (Male) |
| 14:47 | Construir | Mining Camp |
| 14:59 | Crear | Villager (Male) |
| 15:10 | Construir | Stone Wall |
| 15:33 | Construir | Stone Wall |
| 15:38 | Construir | Stone Wall |
| 15:41 | Construir | Gate |
| 15:55 | Crear | Villager (Male) |
| 15:55 | Crear | Villager (Male) |
| 16:08 | Construir | Farm |
| 16:14 | Construir | Farm |
| 16:27 | Construir | Lumber Camp |
| 16:38 | Construir | Farm |
| 16:58 | Construir | Farm |
| 17:01 | Investigar | Castle Age |
| 17:16 | Construir | Stable |
| 17:38 | Construir | Stone Wall |
| 17:59 | Construir | Stone Wall |
| 18:01 | Construir | Stone Wall |
| 18:10 | Construir | Stable |
| 18:11 | Crear | Scout Cavalry |
| 18:23 | Investigar | Double-Bit Axe |
| 18:33 | Construir | Farm |
| 18:36 | Construir | Farm |
| 18:39 | Construir | Farm |
| 19:10 | Construir | Mill |
| 19:22 | Investigar | Bloodlines |
| 19:24 | Crear | Scout Cavalry |
| 19:29 | Investigar | Scale Barding Armor |
| 19:35 | Investigar | Horse Collar |
| 19:54 | Crear | Villager (Male) |
| 19:54 | Crear | Villager (Male) |
| 20:12 | Investigar | Bow Saw |
| 20:18 | Crear | Scout Cavalry |
| 20:19 | Crear | Scout Cavalry |
| 20:28 | Construir | Farm |
| 20:31 | Construir | Farm |
| 20:40 | Construir | House |
| 20:44 | Construir | House |
| 20:46 | Construir | House |
| 20:49 | Crear | Villager (Male) |
| 20:50 | Crear | Villager (Male) |
| 21:43 | Crear | Villager (Male) |
| 21:44 | Crear | Villager (Male) |
| 21:55 | Construir | House |
| 21:56 | Construir | House |
| 21:58 | Construir | House |
| 21:59 | Construir | House |
| 22:26 | Construir | Stone Wall |
| 22:32 | Construir | University |
| 22:38 | Investigar | Wheelbarrow |
| 23:55 | Construir | Lumber Camp |
| 24:14 | Crear | Villager (Male) |
| 24:14 | Crear | Villager (Male) |
| 24:26 | Construir | Stone Wall |
| 24:35 | Construir | Stone Wall |
| 24:58 | Construir | Farm |
| 25:08 | Crear | Villager (Male) |
| 25:08 | Crear | Villager (Male) |
| 25:19 | Construir | Market |
| 25:24 | Investigar | Gold Mining |
| 25:28 | Construir | Farm |
| 25:43 | Construir | Siege Workshop |
| 25:59 | Investigar | Fortified Wall (upgrade) |
| 26:05 | Crear | Villager (Male) |
| 26:06 | Crear | Villager (Male) |
| 26:24 | Construir | Town Center |
| 26:38 | Construir | Farm |
| 26:51 | Construir | Stone Wall |
| 26:53 | Construir | Stone Wall |
| 27:10 | Investigar | Imperial Age |
| 27:26 | Investigar | Hand Cart |
| 27:28 | Crear | Villager (Male) |
| 27:50 | Construir | Stable |
| 27:52 | Construir | Stable |
| 27:54 | Construir | Stable |
| 28:09 | Investigar | Forging |
| 28:34 | Construir | House |
| 28:35 | Construir | House |
| 28:36 | Construir | House |
| 28:37 | Construir | House |
| 28:58 | Crear | Villager (Male) |
| 28:58 | Crear | Villager (Male) |
| 29:02 | Construir | Farm |
| 29:28 | Investigar | Husbandry |
| 29:39 | Crear | Villager (Male) |
Build order — DrTyrant
Primeras 150 de 383 acciones detectadas
| 0:01 | Crear | Villager (Male) |
| 0:02 | Crear | Villager (Male) |
| 0:02 | Crear | Villager (Male) |
| 0:04 | Construir | House |
| 0:07 | Crear | Villager (Male) |
| 1:32 | Crear | Villager (Male) |
| 2:11 | Crear | Villager (Male) |
| 2:20 | Construir | Settlement |
| 2:25 | Crear | Villager (Male) |
| 2:36 | Crear | Villager (Male) |
| 2:57 | Construir | Palisade Wall |
| 3:00 | Construir | Palisade Wall |
| 3:07 | Construir | Palisade Wall |
| 3:21 | Crear | Villager (Male) |
| 3:36 | Crear | Villager (Male) |
| 3:46 | Construir | Palisade Wall |
| 3:49 | Crear | Villager (Male) |
| 4:14 | Construir | Palisade Wall |
| 4:17 | Crear | Villager (Male) |
| 4:49 | Crear | Villager (Male) |
| 5:35 | Crear | Villager (Male) |
| 5:36 | Crear | Villager (Male) |
| 5:41 | Construir | Settlement |
| 6:49 | Investigar | Loom |
| 6:52 | Crear | Villager (Male) |
| 6:53 | Crear | Villager (Male) |
| 7:31 | Investigar | Loom |
| 7:54 | Construir | Barracks |
| 8:19 | Investigar | Feudal Age |
| 8:19 | Investigar | Feudal Age |
| 8:50 | Construir | Settlement |
| 9:47 | Crear | Villager (Male) |
| 9:48 | Crear | Villager (Male) |
| 10:29 | Edad | Edad Feudal |
| 10:37 | Construir | Blacksmith |
| 10:45 | Construir | Blacksmith |
| 10:51 | Crear | Villager (Male) |
| 10:59 | Crear | Villager (Male) |
| 11:04 | Construir | House |
| 11:05 | Construir | House |
| 11:14 | Crear | Villager (Male) |
| 11:31 | Construir | Market |
| 11:48 | Construir | House |
| 12:29 | Crear | Villager (Male) |
| 12:35 | Construir | Farm |
| 12:48 | Construir | Farm |
| 12:50 | Crear | Villager (Male) |
| 13:03 | Construir | Farm |
| 13:18 | Crear | Villager (Male) |
| 13:28 | Construir | Farm |
| 13:47 | Crear | Villager (Male) |
| 13:52 | Construir | Farm |
| 14:26 | Construir | House |
| 14:33 | Construir | Palisade Wall |
| 14:34 | Construir | Palisade Wall |
| 14:45 | Construir | Farm |
| 14:48 | Crear | Spearman |
| 14:49 | Crear | Spearman |
| 14:57 | Construir | Farm |
| 15:04 | Investigar | Castle Age |
| 15:12 | Investigar | Double-Bit Axe |
| 15:17 | Construir | Farm |
| 15:20 | Construir | Farm |
| 15:22 | Construir | Farm |
| 15:27 | Investigar | Horse Collar |
| 16:03 | Investigar | Gold Mining |
| 16:38 | Construir | Farm |
| 16:44 | Construir | Farm |
| 17:08 | Construir | Settlement |
| 17:44 | Edad | Edad de los Castillos |
| 17:47 | Construir | Barracks |
| 17:51 | Investigar | Tech 1402 |
| 17:53 | Investigar | Scale Mail Armor |
| 17:53 | Investigar | Forging |
| 17:54 | Investigar | Squires |
| 17:59 | Construir | Siege Workshop |
| 18:14 | Investigar | Arson |
| 18:19 | Crear | Villager (Male) |
| 18:20 | Crear | Villager (Male) |
| 18:38 | Investigar | Wheelbarrow |
| 18:42 | Construir | Farm |
| 18:44 | Construir | Farm |
| 18:58 | Construir | Farm |
| 19:03 | Crear | Villager (Male) |
| 19:09 | Investigar | Tech 1351 |
| 19:29 | Crear | Mangonel |
| 19:32 | Crear | Battering Ram |
| 19:36 | Investigar | Arson |
| 19:42 | Construir | House |
| 19:44 | Construir | House |
| 20:07 | Crear | Villager (Male) |
| 20:16 | Investigar | Chain Mail Armor |
| 20:32 | Construir | Farm |
| 20:45 | Crear | Villager (Male) |
| 20:58 | Construir | House |
| 21:00 | Crear | Battering Ram |
| 21:04 | Investigar | Iron Casting |
| 21:05 | Investigar | Iron Casting |
| 21:16 | Construir | House |
| 21:17 | Construir | House |
| 21:22 | Crear | Unit 2550 |
| 21:22 | Crear | Unit 2550 |
| 21:23 | Crear | Unit 2550 |
| 21:25 | Crear | Villager (Male) |
| 21:32 | Construir | Farm |
| 21:36 | Crear | Villager (Male) |
| 21:48 | Crear | Villager (Male) |
| 21:51 | Crear | Unit 2550 |
| 21:51 | Crear | Unit 2550 |
| 22:06 | Crear | Unit 2550 ×2 |
| 22:06 | Crear | Unit 2550 ×2 |
| 22:07 | Crear | Unit 2550 |
| 22:13 | Construir | Palisade Gate |
| 22:31 | Crear | Unit 2550 ×2 |
| 22:31 | Crear | Unit 2550 ×2 |
| 22:33 | Crear | Villager (Male) |
| 22:35 | Crear | Unit 2550 |
| 22:35 | Crear | Unit 2550 |
| 22:41 | Crear | Villager (Male) |
| 23:01 | Construir | Palisade Gate |
| 23:04 | Crear | Unit 2550 ×3 |
| 23:05 | Crear | Unit 2550 ×3 |
| 23:07 | Crear | Villager (Male) |
| 23:11 | Construir | Farm |
| 23:19 | Construir | Settlement |
| 23:27 | Crear | Villager (Male) |
| 23:34 | Crear | Unit 2550 ×2 |
| 23:34 | Crear | Unit 2550 ×3 |
| 23:34 | Crear | Unit 2550 |
| 23:46 | Construir | Farm |
| 24:20 | Crear | Unit 2550 ×5 |
| 24:20 | Crear | Unit 2550 ×5 |
| 24:21 | Crear | Unit 2550 ×3 |
| 24:59 | Crear | Unit 2550 ×4 |
| 24:59 | Crear | Unit 2550 ×4 |
| 25:04 | Construir | Barracks |
| 25:18 | Crear | Unit 2550 ×4 |
| 25:18 | Crear | Unit 2550 ×4 |
| 25:19 | Crear | Unit 2550 |
| 25:30 | Crear | Unit 2550 |
| 25:30 | Crear | Unit 2550 |
| 25:32 | Crear | Villager (Male) |
| 25:33 | Crear | Villager (Male) |
| 25:46 | Construir | Farm |
| 25:49 | Construir | Farm |
| 25:55 | Construir | Farm |
| 25:56 | Crear | Villager (Male) |
| 26:01 | Crear | Battering Ram |
| 27:33 | Investigar | Pikeman (upgrade) |
| 27:35 | Crear | Unit 2550 ×5 |
Build order — Sacchetti
Primeras 150 de 415 acciones detectadas
| 0:05 | Investigar | Loom |
| 0:07 | Construir | House |
| 0:54 | Crear | Villager (Male) |
| 0:54 | Crear | Villager (Male) |
| 1:26 | Crear | Villager (Male) |
| 1:55 | Crear | Villager (Male) |
| 1:55 | Crear | Villager (Male) |
| 2:17 | Construir | Lumber Camp |
| 2:25 | Crear | Villager (Male) |
| 2:25 | Crear | Villager (Male) |
| 2:46 | Crear | Villager (Male) |
| 2:46 | Crear | Villager (Male) |
| 3:10 | Crear | Villager (Male) |
| 3:19 | Crear | Villager (Male) |
| 3:40 | Crear | Villager (Male) |
| 4:01 | Construir | House |
| 4:23 | Crear | Villager (Male) |
| 4:25 | Crear | Villager (Male) |
| 4:54 | Construir | Palisade Wall |
| 5:37 | Crear | Villager (Male) |
| 5:53 | Construir | Palisade Wall |
| 5:58 | Construir | Palisade Wall |
| 6:11 | Crear | Villager (Male) |
| 6:11 | Crear | Villager (Male) |
| 6:11 | Crear | Villager (Male) |
| 6:50 | Crear | Villager (Male) |
| 6:58 | Construir | House |
| 7:04 | Construir | Palisade Wall |
| 7:12 | Crear | Villager (Male) |
| 8:08 | Crear | Villager (Male) |
| 8:27 | Construir | Mill |
| 9:03 | Investigar | Feudal Age |
| 9:03 | Investigar | Feudal Age |
| 9:47 | Crear | Villager (Male) |
| 10:04 | Construir | Mining Camp |
| 10:33 | Construir | House |
| 10:57 | Crear | Villager (Male) |
| 11:13 | Edad | Edad Feudal |
| 11:20 | Construir | Blacksmith |
| 11:30 | Crear | Villager (Male) |
| 11:46 | Construir | Farm |
| 12:18 | Construir | Stone Wall |
| 12:20 | Crear | Villager (Male) |
| 12:30 | Construir | Farm |
| 12:34 | Construir | Farm |
| 12:34 | Crear | Villager (Male) |
| 13:49 | Construir | Market |
| 14:03 | Construir | Stone Wall |
| 14:15 | Construir | Stone Wall |
| 14:18 | Crear | Villager (Male) |
| 14:30 | Construir | Mining Camp |
| 14:44 | Crear | Villager (Male) |
| 15:05 | Construir | Stone Wall |
| 15:17 | Investigar | Castle Age |
| 15:17 | Investigar | Castle Age |
| 15:27 | Investigar | Double-Bit Axe |
| 15:40 | Construir | Stone Wall |
| 15:57 | Crear | Villager (Male) |
| 16:39 | Construir | Farm |
| 16:44 | Construir | Farm |
| 17:05 | Construir | Stone Wall |
| 17:12 | Construir | Stone Wall |
| 17:17 | Construir | Stone Wall |
| 17:28 | Construir | House |
| 17:57 | Edad | Edad de los Castillos |
| 18:03 | Construir | Town Center |
| 18:07 | Construir | Farm |
| 18:09 | Crear | Villager (Male) |
| 18:13 | Investigar | Horse Collar |
| 18:16 | Crear | Villager (Male) |
| 18:28 | Investigar | Wheelbarrow |
| 18:28 | Crear | Villager (Male) |
| 18:45 | Crear | Villager (Male) |
| 19:11 | Crear | Villager (Male) |
| 19:28 | Construir | Barracks |
| 19:28 | Crear | Villager (Male) |
| 19:34 | Crear | Villager (Male) |
| 19:36 | Construir | Farm |
| 19:42 | Construir | Farm |
| 19:47 | Crear | Villager (Male) |
| 20:01 | Construir | Farm |
| 20:07 | Construir | Farm |
| 20:22 | Construir | Farm |
| 20:30 | Crear | Villager (Male) |
| 20:40 | Construir | Farm |
| 20:45 | Crear | Fire Lancer |
| 20:52 | Crear | Villager (Male) |
| 20:55 | Investigar | Gold Mining |
| 20:56 | Crear | Villager (Male) |
| 21:06 | Crear | Villager (Male) |
| 21:18 | Crear | Fire Lancer |
| 21:44 | Construir | Farm |
| 21:48 | Construir | Farm |
| 21:58 | Crear | Fire Lancer |
| 22:01 | Crear | Fire Lancer |
| 22:12 | Crear | Villager (Male) |
| 22:15 | Construir | Farm |
| 22:18 | Construir | Farm |
| 22:18 | Crear | Villager (Male) |
| 22:26 | Crear | Fire Lancer |
| 23:09 | Construir | Castle |
| 23:12 | Crear | Villager (Male) |
| 23:21 | Crear | Villager (Male) |
| 23:46 | Construir | Farm |
| 23:54 | Construir | Mill |
| 23:55 | Construir | Farm |
| 23:58 | Construir | Farm |
| 24:03 | Investigar | Bow Saw |
| 24:23 | Construir | Monastery |
| 24:24 | Crear | Villager (Male) |
| 24:51 | Construir | Mining Camp |
| 24:54 | Crear | Villager (Male) |
| 25:27 | Construir | Gate |
| 25:37 | Investigar | Imperial Age |
| 25:51 | Construir | Town Center |
| 25:51 | Crear | Villager (Male) |
| 25:53 | Crear | Villager (Male) |
| 26:06 | Crear | Fire Lancer |
| 26:17 | Crear | Villager (Male) |
| 26:19 | Crear | Monk |
| 26:36 | Crear | Villager (Male) |
| 26:46 | Investigar | Scale Mail Armor |
| 26:46 | Investigar | Forging |
| 26:59 | Crear | Villager (Male) |
| 27:02 | Construir | Farm |
| 27:21 | Crear | Villager (Male) |
| 27:24 | Investigar | Stone Mining |
| 27:32 | Crear | Villager (Male) |
| 27:32 | Crear | Villager (Male) |
| 27:41 | Construir | Barracks |
| 27:46 | Investigar | Squires |
| 27:47 | Crear | Villager (Male) |
| 27:55 | Crear | Monk |
| 27:59 | Crear | Villager (Male) |
| 28:08 | Crear | Fire Lancer |
| 28:11 | Investigar | Chain Mail Armor |
| 28:11 | Crear | Villager (Male) |
| 28:27 | Crear | Villager (Male) |
| 28:32 | Crear | Villager (Male) |
| 28:38 | Construir | Lumber Camp |
| 28:40 | Crear | Villager (Male) |
| 28:46 | Crear | Fire Lancer |
| 28:47 | Edad | Edad Imperial |
| 29:06 | Construir | Farm |
| 29:10 | Construir | Farm |
| 29:16 | Construir | Farm |
| 29:23 | Construir | Farm |
| 29:26 | Construir | Farm |
| 29:36 | Crear | Villager (Male) |
| 29:53 | Construir | Barracks |
Build order — ing.alexander02
Primeras 150 de 702 acciones detectadas
| 0:00 | Crear | Villager (Male) |
| 0:01 | Crear | Villager (Male) |
| 0:01 | Crear | Villager (Male) |
| 0:02 | Construir | House |
| 0:05 | Construir | House |
| 0:18 | Crear | Villager (Male) |
| 1:29 | Crear | Villager (Male) |
| 1:56 | Crear | Villager (Male) |
| 2:18 | Crear | Villager (Male) |
| 2:34 | Construir | House |
| 2:40 | Construir | Lumber Camp |
| 2:52 | Crear | Villager (Male) |
| 3:18 | Crear | Villager (Male) |
| 3:33 | Crear | Villager (Male) |
| 3:53 | Crear | Villager (Male) |
| 4:23 | Crear | Villager (Male) |
| 4:33 | Crear | Villager (Male) |
| 4:37 | Construir | House |
| 5:16 | Crear | Villager (Male) |
| 5:32 | Crear | Villager (Male) |
| 5:36 | Construir | Mill |
| 5:56 | Crear | Villager (Male) |
| 6:07 | Crear | Villager (Male) |
| 6:44 | Crear | Villager (Male) |
| 7:02 | Construir | Mining Camp |
| 7:11 | Crear | Villager (Male) |
| 7:34 | Crear | Villager (Male) |
| 8:26 | Crear | Villager (Male) |
| 8:30 | Investigar | Feudal Age |
| 9:11 | Construir | House |
| 10:13 | Construir | Palisade Wall |
| 10:18 | Construir | Palisade Wall |
| 11:01 | Edad | Edad Feudal |
| 11:09 | Investigar | Castle Age |
| 11:24 | Construir | Stable |
| 11:37 | Construir | House |
| 11:44 | Construir | Archery Range |
| 11:46 | Crear | Villager (Male) |
| 11:56 | Investigar | Double-Bit Axe |
| 12:07 | Investigar | Horse Collar |
| 12:39 | Construir | House |
| 12:40 | Construir | House |
| 12:57 | Construir | Mining Camp |
| 13:49 | Edad | Edad de los Castillos |
| 13:51 | Construir | Town Center |
| 13:59 | Crear | Villager (Male) |
| 14:18 | Construir | Farm |
| 14:42 | Crear | Villager (Male) |
| 14:47 | Construir | Farm |
| 14:49 | Crear | Villager (Male) |
| 15:07 | Crear | Villager (Male) |
| 15:09 | Crear | Villager (Male) |
| 15:10 | Crear | Villager (Male) |
| 15:19 | Construir | Farm |
| 15:40 | Construir | Farm |
| 15:42 | Construir | Farm |
| 15:46 | Crear | Villager (Male) |
| 15:46 | Crear | Villager (Male) |
| 16:00 | Construir | Farm |
| 16:04 | Crear | Villager (Male) |
| 16:08 | Construir | Farm |
| 16:20 | Crear | Villager (Male) |
| 16:26 | Construir | Farm |
| 16:39 | Construir | Farm |
| 16:42 | Crear | Villager (Male) |
| 16:47 | Construir | Farm |
| 16:55 | Construir | Farm |
| 16:57 | Crear | Villager (Male) |
| 17:01 | Construir | Farm |
| 17:07 | Construir | Farm |
| 17:09 | Construir | Farm |
| 17:13 | Construir | Farm |
| 17:16 | Crear | Villager (Male) |
| 17:20 | Investigar | Loom |
| 17:25 | Crear | Villager (Male) |
| 17:31 | Crear | Villager (Male) |
| 17:35 | Construir | Farm |
| 17:42 | Crear | Villager (Male) |
| 17:51 | Construir | Farm |
| 18:00 | Crear | Villager (Male) |
| 18:00 | Crear | Villager (Male) |
| 18:18 | Construir | Farm |
| 18:22 | Crear | Villager (Male) |
| 18:25 | Construir | Farm |
| 18:49 | Crear | Villager (Male) |
| 18:50 | Crear | Villager (Male) |
| 18:51 | Crear | Villager (Male) |
| 18:53 | Construir | Farm |
| 19:02 | Construir | Town Center |
| 19:10 | Crear | Villager (Male) |
| 19:11 | Crear | Villager (Male) |
| 19:17 | Construir | Farm |
| 19:19 | Crear | Villager (Male) |
| 19:19 | Crear | Villager (Male) |
| 19:25 | Construir | Farm |
| 19:30 | Crear | Villager (Male) |
| 19:30 | Crear | Villager (Male) |
| 19:37 | Crear | Villager (Male) |
| 19:38 | Crear | Villager (Male) |
| 19:49 | Crear | Villager (Male) |
| 19:49 | Crear | Villager (Male) |
| 19:51 | Construir | Farm |
| 20:13 | Crear | Villager (Male) |
| 20:14 | Crear | Villager (Male) |
| 20:16 | Construir | Farm |
| 20:21 | Crear | Villager (Male) |
| 20:24 | Crear | Villager (Male) |
| 20:33 | Crear | Villager (Male) |
| 20:33 | Crear | Villager (Male) |
| 20:53 | Construir | House |
| 20:54 | Construir | House |
| 20:56 | Construir | House |
| 20:58 | Construir | House |
| 21:07 | Investigar | Wheelbarrow |
| 21:12 | Investigar | Town Watch |
| 21:20 | Construir | Town Center |
| 21:28 | Crear | Villager (Male) |
| 21:29 | Crear | Villager (Male) |
| 21:36 | Construir | Stable |
| 21:38 | Construir | Stable |
| 21:43 | Crear | Villager (Male) |
| 21:44 | Crear | Villager (Male) |
| 21:44 | Crear | Villager (Male) |
| 21:51 | Investigar | Heavy Plow |
| 21:57 | Investigar | Bow Saw |
| 22:15 | Crear | Cavalry Archer |
| 22:16 | Crear | Cavalry Archer |
| 22:21 | Crear | Villager (Male) |
| 22:22 | Crear | Villager (Male) |
| 22:25 | Investigar | Gold Mining |
| 22:36 | Investigar | Bloodlines |
| 22:37 | Investigar | Husbandry |
| 22:38 | Crear | Villager (Male) |
| 22:39 | Crear | Villager (Male) |
| 22:57 | Crear | Villager (Male) |
| 23:01 | Crear | Villager (Male) |
| 23:01 | Crear | Villager (Male) |
| 23:01 | Crear | Villager (Male) |
| 23:01 | Crear | Villager (Male) |
| 23:07 | Construir | House |
| 23:08 | Construir | House |
| 23:09 | Construir | House |
| 23:10 | Construir | House |
| 23:11 | Construir | House |
| 23:13 | Construir | House |
| 23:14 | Construir | House |
| 23:16 | Construir | House |
| 23:17 | Construir | House |
| 23:22 | Crear | Villager (Male) |
| 23:26 | Construir | Farm |
Build order — Disvara
Primeras 150 de 619 acciones detectadas
| 0:01 | Crear | Villager (Male) |
| 0:02 | Crear | Villager (Male) |
| 0:03 | Construir | House |
| 0:05 | Construir | House |
| 0:16 | Crear | Villager (Male) |
| 0:16 | Crear | Villager (Male) |
| 1:28 | Crear | Villager (Male) |
| 1:28 | Crear | Villager (Male) |
| 1:54 | Construir | Lumber Camp |
| 2:06 | Crear | Villager (Male) |
| 2:07 | Crear | Villager (Male) |
| 2:18 | Crear | Villager (Male) |
| 2:18 | Crear | Villager (Male) |
| 2:31 | Crear | Villager (Male) |
| 2:31 | Crear | Villager (Male) |
| 2:39 | Construir | House |
| 3:11 | Crear | Villager (Male) |
| 3:11 | Crear | Villager (Male) |
| 3:39 | Crear | Villager (Male) |
| 3:40 | Crear | Villager (Male) |
| 3:47 | Crear | Villager (Male) |
| 3:47 | Crear | Villager (Male) |
| 3:55 | Construir | Mill |
| 4:21 | Crear | Villager (Male) |
| 4:21 | Crear | Villager (Male) |
| 4:51 | Crear | Villager (Male) |
| 5:18 | Crear | Villager (Male) |
| 5:56 | Crear | Villager (Male) |
| 6:00 | Investigar | Loom |
| 6:04 | Construir | House |
| 6:40 | Crear | Villager (Male) |
| 7:12 | Crear | Villager (Male) |
| 7:23 | Crear | Villager (Male) |
| 7:23 | Crear | Villager (Male) |
| 8:16 | Investigar | Feudal Age |
| 8:40 | Construir | House |
| 10:22 | Construir | Mining Camp |
| 10:32 | Crear | Villager (Male) |
| 10:37 | Edad | Edad Feudal |
| 10:57 | Construir | Market |
| 11:03 | Construir | Blacksmith |
| 11:05 | Crear | Villager (Male) |
| 11:30 | Crear | Villager (Male) |
| 11:58 | Crear | Villager (Male) |
| 12:12 | Investigar | Castle Age |
| 12:20 | Construir | Mining Camp |
| 12:27 | Investigar | Double-Bit Axe |
| 12:31 | Investigar | Horse Collar |
| 12:57 | Construir | Barracks |
| 13:03 | Construir | House |
| 14:18 | Construir | House |
| 14:46 | Construir | House |
| 15:03 | Edad | Edad de los Castillos |
| 15:04 | Construir | Town Center |
| 15:05 | Crear | Villager (Male) |
| 15:07 | Investigar | Bow Saw |
| 15:33 | Crear | Villager (Male) |
| 16:10 | Construir | Monastery |
| 16:11 | Crear | Villager (Male) |
| 16:31 | Crear | Villager (Male) |
| 16:37 | Construir | Farm |
| 16:40 | Construir | Farm |
| 16:45 | Construir | Farm |
| 16:49 | Construir | Farm |
| 16:58 | Construir | Farm |
| 17:05 | Construir | Lumber Camp |
| 17:09 | Crear | Villager (Male) |
| 17:13 | Crear | Villager (Male) |
| 17:18 | Investigar | Fervor |
| 17:19 | Investigar | Sanctity |
| 17:21 | Crear | Villager (Male) |
| 17:34 | Construir | Farm |
| 17:38 | Crear | Villager (Male) |
| 17:38 | Crear | Villager (Male) |
| 17:41 | Crear | Villager (Male) |
| 17:43 | Construir | Farm |
| 17:49 | Construir | Farm |
| 17:55 | Construir | Farm |
| 18:00 | Crear | Villager (Male) |
| 18:05 | Construir | Farm |
| 18:10 | Crear | Villager (Male) |
| 18:37 | Investigar | Wheelbarrow |
| 18:50 | Investigar | Wheelbarrow |
| 19:04 | Crear | Villager (Male) |
| 19:04 | Crear | Villager (Male) |
| 19:04 | Crear | Villager (Male) |
| 19:13 | Construir | Mill |
| 19:14 | Construir | Farm |
| 19:18 | Construir | Farm |
| 19:26 | Construir | Mill |
| 19:27 | Construir | Farm |
| 19:31 | Construir | Farm |
| 19:35 | Construir | Farm |
| 19:40 | Construir | Farm |
| 19:40 | Crear | Villager (Male) |
| 19:41 | Crear | Villager (Male) |
| 19:49 | Construir | Farm |
| 19:52 | Crear | Villager (Male) |
| 20:04 | Crear | Villager (Male) |
| 20:15 | Crear | Villager (Male) |
| 20:25 | Construir | University |
| 20:31 | Construir | House |
| 20:34 | Construir | House |
| 20:40 | Construir | House |
| 20:42 | Construir | House |
| 20:43 | Crear | Villager (Male) |
| 20:46 | Crear | Monk |
| 20:51 | Crear | Villager (Male) |
| 20:57 | Investigar | Pikeman (upgrade) |
| 21:11 | Crear | Villager (Male) |
| 21:17 | Construir | Farm |
| 21:19 | Crear | Villager (Male) |
| 21:30 | Investigar | Heavy Plow |
| 21:36 | Construir | Farm |
| 21:41 | Construir | Farm |
| 21:42 | Crear | Villager (Male) |
| 21:53 | Crear | Villager (Male) |
| 21:58 | Construir | Farm |
| 22:01 | Construir | Farm |
| 22:02 | Crear | Villager (Male) |
| 22:19 | Construir | Town Center |
| 22:26 | Crear | Villager (Male) |
| 22:36 | Crear | Villager (Male) |
| 22:41 | Investigar | Hand Cart |
| 22:53 | Construir | Farm |
| 22:53 | Construir | Farm |
| 22:53 | Construir | Farm |
| 22:54 | Construir | Farm |
| 22:55 | Construir | Farm |
| 23:04 | Construir | Farm |
| 23:07 | Crear | Villager (Male) |
| 23:28 | Construir | Farm |
| 23:31 | Construir | Farm |
| 23:33 | Crear | Villager (Male) |
| 23:33 | Crear | Villager (Male) |
| 23:44 | Construir | Farm |
| 23:50 | Construir | Farm |
| 23:52 | Crear | Villager (Male) |
| 24:03 | Crear | Villager (Male) |
| 24:06 | Crear | Villager (Male) |
| 24:41 | Construir | Farm |
| 25:00 | Crear | Villager (Male) |
| 25:07 | Investigar | Imperial Age |
| 25:14 | Crear | Villager (Male) |
| 25:20 | Construir | Mill |
| 25:21 | Construir | Farm |
| 25:21 | Construir | Farm |
| 25:21 | Construir | Farm |
| 25:21 | Construir | Farm |
| 25:21 | Construir | Farm |
Build order — lord evil
Primeras 150 de 490 acciones detectadas
| 0:01 | Crear | Villager (Male) |
| 0:02 | Crear | Villager (Male) |
| 0:02 | Crear | Villager (Male) |
| 0:02 | Crear | Villager (Male) |
| 0:04 | Construir | House |
| 0:05 | Construir | House |
| 1:33 | Crear | Villager (Male) |
| 1:58 | Crear | Villager (Male) |
| 2:08 | Construir | Lumber Camp |
| 2:27 | Crear | Villager (Male) |
| 2:54 | Crear | Villager (Male) |
| 3:16 | Crear | Villager (Male) |
| 3:57 | Crear | Villager (Male) |
| 3:58 | Crear | Villager (Male) |
| 4:26 | Construir | House |
| 4:28 | Construir | House |
| 4:45 | Investigar | Loom |
| 5:09 | Crear | Villager (Male) |
| 5:10 | Crear | Villager (Male) |
| 5:39 | Crear | Villager (Male) |
| 5:39 | Crear | Villager (Male) |
| 6:19 | Crear | Villager (Male) |
| 6:32 | Crear | Villager (Male) |
| 6:57 | Crear | Villager (Male) |
| 7:23 | Construir | Mill |
| 8:05 | Investigar | Feudal Age |
| 8:19 | Construir | House |
| 8:21 | Construir | House |
| 9:21 | Construir | House |
| 9:22 | Construir | House |
| 9:23 | Construir | House |
| 10:11 | Crear | Villager (Male) |
| 10:11 | Crear | Villager (Male) |
| 10:18 | Edad | Edad Feudal |
| 10:21 | Crear | Villager (Male) |
| 11:00 | Construir | Market |
| 11:09 | Crear | Villager (Male) |
| 11:22 | Construir | Blacksmith |
| 11:37 | Crear | Villager (Male) |
| 12:03 | Construir | Palisade Gate |
| 12:05 | Construir | House |
| 12:07 | Construir | House |
| 12:23 | Crear | Villager (Male) |
| 12:34 | Investigar | Castle Age |
| 13:35 | Construir | Mining Camp |
| 15:20 | Crear | Villager (Male) |
| 15:20 | Crear | Villager (Male) |
| 15:28 | Edad | Edad de los Castillos |
| 15:30 | Construir | Town Center |
| 15:33 | Crear | Villager (Male) |
| 15:43 | Construir | Town Center |
| 16:19 | Construir | Farm |
| 16:19 | Construir | Farm |
| 16:20 | Construir | Farm |
| 16:21 | Construir | Farm |
| 16:23 | Construir | Farm |
| 16:26 | Construir | Farm |
| 16:44 | Crear | Villager (Male) |
| 16:44 | Crear | Villager (Male) |
| 16:46 | Crear | Villager (Male) |
| 16:51 | Crear | Villager (Male) |
| 16:52 | Crear | Villager (Male) |
| 17:19 | Construir | Farm |
| 17:24 | Crear | Villager (Male) |
| 17:52 | Construir | Farm |
| 17:54 | Crear | Villager (Male) |
| 17:59 | Crear | Villager (Male) |
| 18:02 | Crear | Villager (Male) |
| 18:19 | Crear | Villager (Male) |
| 18:22 | Construir | Farm |
| 18:27 | Construir | Farm |
| 18:31 | Crear | Villager (Male) |
| 18:33 | Construir | Farm |
| 18:47 | Crear | Villager (Male) |
| 18:49 | Crear | Villager (Male) |
| 18:50 | Construir | Farm |
| 18:52 | Construir | Farm |
| 18:55 | Crear | Villager (Male) |
| 19:00 | Construir | Farm |
| 19:19 | Construir | Farm |
| 19:20 | Crear | Villager (Male) |
| 19:31 | Crear | Villager (Male) |
| 19:36 | Crear | Villager (Male) |
| 19:49 | Construir | Farm |
| 19:51 | Crear | Villager (Male) |
| 19:58 | Construir | Farm |
| 20:00 | Crear | Villager (Male) |
| 20:05 | Construir | Farm |
| 20:17 | Crear | Villager (Male) |
| 20:22 | Construir | Farm |
| 20:28 | Construir | Farm |
| 20:32 | Crear | Villager (Male) |
| 20:36 | Crear | Villager (Male) |
| 20:47 | Construir | Farm |
| 20:48 | Construir | House |
| 20:52 | Crear | Villager (Male) |
| 20:56 | Crear | Villager (Male) |
| 21:01 | Construir | Farm |
| 21:06 | Construir | House |
| 21:08 | Construir | House |
| 21:10 | Crear | Villager (Male) |
| 21:22 | Crear | Villager (Male) |
| 21:27 | Construir | Farm |
| 21:37 | Construir | Castle |
| 21:41 | Crear | Villager (Male) |
| 21:45 | Construir | Farm |
| 21:56 | Construir | Farm |
| 21:57 | Crear | Villager (Male) |
| 21:58 | Crear | Villager (Male) |
| 22:09 | Crear | Villager (Male) |
| 22:16 | Construir | Farm |
| 22:17 | Crear | Villager (Male) |
| 22:21 | Crear | Villager (Male) |
| 22:31 | Construir | Farm |
| 22:37 | Investigar | Fletching |
| 22:42 | Crear | Villager (Male) |
| 22:44 | Crear | Villager (Male) |
| 22:46 | Crear | Villager (Male) |
| 23:01 | Crear | Villager (Male) |
| 23:05 | Construir | Farm |
| 23:08 | Crear | Villager (Male) |
| 23:10 | Crear | Villager (Male) |
| 23:11 | Crear | Villager (Male) |
| 23:13 | Crear | Villager (Male) |
| 23:16 | Construir | Farm |
| 23:30 | Crear | Villager (Male) |
| 23:34 | Crear | Villager (Male) |
| 23:40 | Crear | Villager (Male) |
| 23:42 | Construir | Farm |
| 23:43 | Investigar | Horse Collar |
| 23:59 | Construir | Mining Camp |
| 24:03 | Crear | Villager (Male) |
| 24:06 | Crear | Villager (Male) |
| 24:09 | Construir | Farm |
| 24:15 | Investigar | Double-Bit Axe |
| 24:19 | Crear | Mangudai |
| 24:20 | Crear | Mangudai |
| 24:20 | Crear | Mangudai |
| 25:23 | Crear | Villager (Male) |
| 25:29 | Investigar | Bodkin Arrow |
| 25:36 | Construir | Siege Workshop |
| 25:46 | Crear | Villager (Male) |
| 25:59 | Construir | Farm |
| 26:01 | Investigar | Padded Archer Armor |
| 26:05 | Crear | Villager (Male) |
| 26:06 | Crear | Villager (Male) |
| 26:08 | Crear | Villager (Male) |
| 26:10 | Crear | Villager (Male) |
| 26:13 | Crear | Mangonel |
| 26:20 | Construir | Barracks |
Cronología de la partida
| 2:57 | DrTyrant · wall_segment Palisade Wall x7 |
| 3:00 | DrTyrant · wall_segment Palisade Wall x9 |
| 3:07 | DrTyrant · wall_segment Palisade Wall x10 |
| 3:46 | DrTyrant · wall_segment Palisade Wall x13 |
| 4:14 | DrTyrant · wall_segment Palisade Wall x6 |
| 4:54 | Sacchetti · wall_segment Palisade Wall x5 |
| 5:53 | Sacchetti · wall_segment Palisade Wall x6 |
| 5:58 | Sacchetti · wall_segment Palisade Wall x10 |
| 7:04 | Sacchetti · wall_segment Palisade Wall x13 |
| 7:54 | DrTyrant · first_building Barracks |
| 8:19 | ColdNapalm707 · wall_segment Palisade Wall x10 |
| 9:06 | ColdNapalm707 · wall_segment Palisade Wall x6 |
| 9:53 | ColdNapalm707 · wall_segment Palisade Wall x8 |
| 10:06 | ColdNapalm707 · first_building Barracks |
| 10:09 | ColdNapalm707 · wall_segment Palisade Wall x3 |
| 10:12 | ColdNapalm707 · wall_segment Palisade Wall x3 |
| 10:13 | ing.alexander02 · wall_segment Palisade Wall x1 |
| 10:18 | lord evil · age_up feudal |
| 10:18 | ing.alexander02 · wall_segment Palisade Wall x1 |
| 10:29 | DrTyrant · age_up feudal |
| 10:37 | Disvara · age_up feudal |
| 11:01 | ing.alexander02 · age_up feudal |
| 11:13 | Sacchetti · age_up feudal |
| 11:24 | ing.alexander02 · first_building Stable |
| 11:28 | ColdNapalm707 · wall_segment Palisade Wall x4 |
| 11:44 | ing.alexander02 · first_building Archery Range |
| 12:09 | Disvara · first_market_sell 100 food |
| 12:18 | Sacchetti · wall_segment Stone Wall x11 |
| 12:32 | lord evil · first_market_sell 100 food |
| 12:48 | ColdNapalm707 · first_building Archery Range |
| 12:57 | Disvara · first_building Barracks |
| 13:05 | ColdNapalm707 · wall_segment Stone Wall x1 |
| 13:48 | ColdNapalm707 · wall_segment Stone Wall x8 |
| 13:49 | ing.alexander02 · age_up castle |
| 14:03 | Sacchetti · wall_segment Stone Wall x12 |
| 14:15 | Sacchetti · wall_segment Stone Wall x8 |
| 14:33 | DrTyrant · wall_segment Palisade Wall x5 |
| 14:34 | DrTyrant · wall_segment Palisade Wall x1 |
| 15:03 | Disvara · age_up castle |
| 15:05 | Sacchetti · wall_segment Stone Wall x3 |
| 15:10 | ColdNapalm707 · wall_segment Stone Wall x1 |
| 15:28 | lord evil · age_up castle |
| 15:33 | ColdNapalm707 · wall_segment Stone Wall x3 |
| 15:38 | ColdNapalm707 · wall_segment Stone Wall x5 |
| 15:40 | Sacchetti · wall_segment Stone Wall x1 |
| 16:10 | Disvara · first_building Monastery |
| 17:05 | Sacchetti · wall_segment Stone Wall x4 |
| 17:12 | Sacchetti · wall_segment Stone Wall x1 |
| 17:16 | ColdNapalm707 · first_building Stable |
| 17:17 | Sacchetti · wall_segment Stone Wall x2 |
| 17:37 | Disvara · first_market_buy 100 food |
| 17:38 | ColdNapalm707 · wall_segment Stone Wall x3 |
| 17:44 | DrTyrant · age_up castle |
| 17:57 | Sacchetti · age_up castle |
| 17:57 | lord evil · first_market_buy 100 food |
| 17:59 | ColdNapalm707 · wall_segment Stone Wall x6 |
| 17:59 | DrTyrant · first_building Siege Workshop |
| 18:01 | ColdNapalm707 · wall_segment Stone Wall x1 |
| 19:28 | Sacchetti · first_building Barracks |
| 20:12 | DrTyrant · first_market_sell 100 stone |
| 21:37 | lord evil · first_building Castle |
| 22:26 | ColdNapalm707 · wall_segment Stone Wall x5 |
| 23:09 | Sacchetti · first_building Castle |
| 24:23 | Sacchetti · first_building Monastery |
| 24:26 | ColdNapalm707 · wall_segment Stone Wall x6 |
| 24:35 | ColdNapalm707 · wall_segment Stone Wall x4 |
| 25:36 | lord evil · first_building Siege Workshop |
| 25:43 | ColdNapalm707 · first_building Siege Workshop |
| 25:56 | Disvara · first_building Siege Workshop |
| 26:20 | lord evil · first_building Barracks |
| 26:51 | ColdNapalm707 · wall_segment Stone Wall x5 |
| 26:53 | ColdNapalm707 · wall_segment Stone Wall x4 |
| 27:33 | Disvara · first_building Castle |
| 28:17 | Disvara · age_up imperial |
| 28:24 | Disvara · first_building Archery Range |
| 28:47 | Sacchetti · age_up imperial |
| 30:33 | ColdNapalm707 · first_building Castle |
| 31:04 | Disvara · tribute_sent a jugador 1 |
| 31:04 | Disvara · tribute_sent a jugador 2 |
| 31:04 | Disvara · tribute_sent a jugador 3 |
| 31:04 | Disvara · tribute_sent a jugador 4 |
| 31:04 | Disvara · tribute_sent a jugador 6 |
| 35:30 | lord evil · age_up imperial |
| 36:50 | ing.alexander02 · first_building Barracks |
| 38:09 | ing.alexander02 · age_up imperial |
| 38:50 | Sacchetti · first_building Siege Workshop |
| 39:16 | Disvara · tribute_sent a jugador 1 |
| 39:16 | Disvara · tribute_sent a jugador 2 |
| 39:16 | Disvara · tribute_sent a jugador 3 |
| 39:16 | Disvara · tribute_sent a jugador 4 |
| 39:16 | Disvara · tribute_sent a jugador 6 |
| 39:41 | Disvara · tribute_sent a jugador 1 |
| 39:41 | Disvara · tribute_sent a jugador 2 |
| 39:41 | Disvara · tribute_sent a jugador 3 |
| 39:41 | Disvara · tribute_sent a jugador 4 |
| 39:41 | Disvara · tribute_sent a jugador 6 |
| 39:51 | ColdNapalm707 · tribute_sent a jugador 1 |
| 39:51 | ColdNapalm707 · tribute_sent a jugador 2 |
| 39:51 | ColdNapalm707 · tribute_sent a jugador 4 |
| 39:51 | ColdNapalm707 · tribute_sent a jugador 5 |
| 39:51 | ColdNapalm707 · tribute_sent a jugador 6 |
| 41:01 | DrTyrant · first_building Castle |
| 41:07 | lord evil · first_building Stable |
| 41:12 | lord evil · first_building Archery Range |
| 41:38 | DrTyrant · first_building Archery Range |
| 41:53 | ing.alexander02 · first_building Castle |
| 41:59 | DrTyrant · age_up imperial |
| 42:56 | ColdNapalm707 · first_market_sell 100 wood |
| 43:42 | DrTyrant · wall_segment Stone Wall x7 |
| 43:55 | DrTyrant · wall_segment Stone Wall x21 |
| 43:58 | DrTyrant · wall_segment Stone Wall x5 |
| 51:42 | lord evil · resign |
[ ANÁLISIS IA · 1 CRÉDITO ]
¿Qué pasó realmente en esta partida?
Wolo.gg analiza cada decisión: build order, eco, micro, errores típicos por bracket. Análisis personalizado por WhatsApp o Discord en 30 segundos.
Guía civ
Turcos
Perfil
Jugador #275147